Map: 2000 Atmospheres LE

Players

Pumba - Winner!

  • Race: Protoss Protoss
  • League: Gold
  • Spawn Location: 3:00

crubby

  • Race: Protoss Protoss
  • League: Platinum
  • Spawn Location: 7:00

VOD

Have the link to the VOD?

Description

Time

  • Played on: Feb. 1, 2022, 7:53 p.m.
  • Length: 8:21
Show
View Real Time Build Order
Export as new Build Order

Pumba Protoss - Winner!

Build Orders: 1 Gate Expand, Colossus Rush 

Get SALT Encoding   

  12  0:00  Probe  
  13  0:12  Probe  
  14  0:18  Pylon  
  14  0:25  Probe  
  15  0:37  Probe (Chrono Boost)  
  15  0:41  Gateway  
  16  0:48  Assimilator  
  16  0:49  Probe (Chrono Boost)  
  17  0:54  Probe (Chrono Boost)  
  18  1:03  Probe  
  19  1:15  Probe  
  20  1:23  Nexus  
  20  1:33  Cybernetics Core  
  20  1:36  Probe  
  21  1:41  Assimilator  
  21  1:48  Probe  
  21  1:52  Pylon  
  22  2:00  Probe  
  23  2:07  Stalker (Chrono Boost)  
  23  2:08  Warp Gate (Chrono Boost)  
  23  2:14  Probe  
  26  2:30  Stalker  
  26  2:34  Probe (Chrono Boost)  
  26  2:35  Probe (Chrono Boost)  
  31  2:45  Robotics Facility  
  31  2:47  Probe x2 (Chrono Boost)  
  32  2:54  Probe  
  32  2:55  Probe  
  34  3:05  Gateway  
  34  3:06  Gateway  
  34  3:08  Probe  
  34  3:09  Stalker  
  34  3:11  Probe  
  38  3:23  Probe x2 (Chrono Boost)  
  38  3:24  Pylon  
  42  3:35  Probe (Chrono Boost)  
  42  3:36  Observer  
  42  3:37  Probe (Chrono Boost)  
  43  3:42  Robotics Bay  
  43  3:43  Probe  
  43  3:44  Probe  
  45  3:50  Assimilator  
  45  3:52  Assimilator  
  45  3:56  Shield Battery, Probe, Pylon  
  45  4:02  Robotics Bay  
  46  4:07  Immortal (Chrono Boost), Probe  
  46  4:08  Probe  
  52  4:21  Probe x2  
  54  4:28  Sentry, Pylon  
  56  4:33  Sentry  
  56  4:35  Probe  
  58  4:41  Pylon  
  58  4:42  Pylon  
  58  4:45  Sentry  
  60  4:51  Probe  
  61  4:54  Pylon  
  61  4:56  Colossus (Chrono Boost)  
  67  5:13  Sentry  
  69  5:15  Zealot x2  
  69  5:20  Probe  
  74  5:25  Pylon  
  74  5:28  Pylon  
  74  5:38  Colossus (Chrono Boost)  
  80  5:47  Stalker x2  
  80  5:48  Stalker  
  86  6:05  Gateway  
  86  6:07  Gateway  
  86  6:10  Gateway x2  
  86  6:14  Gateway  
  86  6:17  Pylon  
  86  6:20  Pylon  
  86  6:23  Warp Prism (Chrono Boost)  
  86  6:25  Sentry x2  
  88  6:27  Pylon  
  88  6:28  Extended Thermal Lance (Chrono Boost)  
  92  6:39  Pylon  
  92  6:50  Stalker x3  
  98  7:14  Stalker x7  
  98  7:15  Stalker  
  114  7:21  Pylon  
  114  7:22  Pylon  
  112  7:38  Stalker x6  
  112  7:39  Stalker  
  112  8:04  Stalker x6  
Show
View Real Time Build Order
Export as new Build Order

crubby Protoss 

Build Orders: 1 Gate Expand, Double Forge 

Get SALT Encoding   

  12  0:00  Probe  
  13  0:12  Probe  
  14  0:18  Pylon  
  14  0:25  Probe  
  15  0:37  Probe (Chrono Boost)  
  15  0:38  Gateway  
  16  0:47  Assimilator  
  16  0:48  Probe (Chrono Boost)  
  17  0:53  Probe (Chrono Boost)  
  18  1:03  Probe  
  19  1:15  Probe  
  20  1:27  Nexus  
  20  1:32  Cybernetics Core  
  20  1:34  Probe  
  21  1:40  Assimilator  
  21  1:47  Probe  
  22  1:51  Pylon  
  22  1:59  Probe  
  23  2:09  Warp Gate  
  23  2:10  Stalker  
  23  2:11  Probe (Chrono Boost)  
  26  2:22  Probe (Chrono Boost)  
  27  2:27  Probe (Chrono Boost)  
  28  2:32  Pylon  
  28  2:37  Probe (Chrono Boost)  
  28  2:41  Probe (Chrono Boost)  
  28  2:43  Sentry  
  32  2:48  Probe (Chrono Boost)  
  32  2:50  Probe (Chrono Boost)  
  34  2:53  Probe (Chrono Boost)  
  34  2:54  Gateway  
  34  2:57  Robotics Facility, Probe  
  35  3:05  Probe (Chrono Boost)  
  37  3:09  Probe (Chrono Boost)  
  37  3:11  Stalker  
  42  3:20  Pylon  
  42  3:21  Probe x2 (Chrono Boost)  
  42  3:25  Probe (Chrono Boost)  
  42  3:28  Probe  
  44  3:36  Probe  
  44  3:40  Probe  
  46  3:46  Observer  
  47  3:53  Probe (Chrono Boost)  
  49  3:58  Probe (Chrono Boost)  
  49  3:59  Nexus  
  49  4:00  Stalker, Assimilator, Pylon  
  52  4:03  Probe (Chrono Boost), Assimilator  
  52  4:04  Stalker  
  52  4:06  Probe (Chrono Boost)  
  52  4:08  Probe (Chrono Boost)  
  56  4:17  Probe  
  57  4:19  Probe  
  58  4:24  Twilight Council, Forge  
  58  4:26  Forge  
  58  4:29  Probe  
  59  4:31  Probe  
  59  4:32  Pylon  
  60  4:41  Probe  
  60  4:43  Probe  
  60  4:45  Stalker x2  
  66  4:53  Protoss Ground Weapons Level 1 (Chrono Boost), Probe  
  66  4:54  Immortal  
  66  4:55  Charge, Probe  
  66  4:57  Protoss Shields Level 1 (Chrono Boost)  
  72  5:05  Probe  
  73  5:07  Probe  
  74  5:16  Pylon  
  74  5:17  Probe  
  74  5:18  Probe  
  74  5:19  Probe  
  77  5:24  Pylon  
  77  5:29  Probe  
  77  5:30  Robotics Bay, Probe  
  77  5:32  Probe, Stalker  
  77  5:35  Stalker  
  84  5:41  Probe  
  84  5:42  Immortal, Probe  
  90  5:44  Probe  
  90  5:47  Assimilator  
  91  5:51  Assimilator  
  91  5:53  Probe  
  91  5:54  Probe, Pylon  
  91  5:56  Probe, Stalker  
  96  6:03  Templar Archives  
  96  6:05  Probe  
  96  6:06  Stalker  
  99  6:14  Gateway  
  99  6:19  Gateway  
  99  6:20  Gateway  
  99  6:26  Stalker  
  99  6:27  Immortal  
  105  6:40  Stalker  
  107  6:51  Gateway  
  107  6:52  Gateway  
  107  6:55  Stalker  
  107  6:56  Gateway  
  107  6:58  Gateway  
  107  7:00  Gateway  
  109  7:02  Probe x3  
  109  7:06  Disruptor  
  115  7:14  Probe x2  
  117  7:24  Pylon  
  117  7:27  Pylon  
  117  7:31  Pylon  
  105  7:38  Pylon  
  105  7:39  Stalker x4  
  105  7:40  Nexus, Stalker  
  75  8:06  High Templar  
  75  8:07  High Templar x2  
  75  8:12  Archon  
Tags
 
Add a new tag
Caveats
  • Supply blocks, unpowered buildings, or Contaminate may cause inaccurate times.
  • Supply counts are checked every 10 seconds.